 Dungeon Crawl Stone Soup version 0.25-a0-992-gca090100c3 (webtiles) character file.

Game seed: 8486339160698331174, levelgen mode: classic

3237 Amnesiac the Frost Mage (level 9, 0/45 HPs)
             Began as a Deep Elf Ice Elementalist on May 10, 2020.
             Was a Priest of Vehumet.
             Killed by divine providence
             ... invoked by an orc priest
              (12 damage)
             ... on level 8 of the Dungeon.
             The game lasted 00:15:35 (8122 turns).

Amnesiac the Frost Mage (Deep Elf Ice Elementalist) Turns: 8122, Time: 00:15:36

Health: 0/45       AC: 12    Str:  5    XL:     9   Next: 66%
Magic:  31/33      EV: 17    Int: 24    God:    Vehumet [***...]
Gold:   425        SH:  0    Dex: 15    Spells: 15/26 levels left

rFire    . . .     SeeInvis .   b - +1 halberd (venom)
rCold    . . .     Gourm    .   (shield currently unavailable)
rNeg     . . .     Faith    +   r - +2 robe {MR+}
rPois    .         Spirit   .   k - +2 helmet
rElec    .         Reflect  .   B - +0 cloak
rCorr    .         Harm     .   (no gloves)
MR       +....                  A - +0 pair of boots
Stlth    ++........             C - amulet of faith
HPRegen  0.15/turn              h - +3 ring of protection
MPRegen  0.23/turn              l - ring of magical power

@: frozen ramparts
A: no striking features
a: Renounce Religion


You were on level 8 of the Dungeon.
You worshipped Vehumet.
Vehumet was most pleased with you.
You were not hungry.

You visited 2 branches of the dungeon, and saw 9 of its levels.

You collected 425 gold pieces.

Inventory:

Hand Weapons
 a - a +3 dagger of venom
 b - a +1 halberd of venom (weapon)
Missiles
 e - 337 stones (quivered)
 f - 94 sling bullets
 o - 6 curare-tipped darts
Armour
 k - a +2 helmet (worn)
 r - a +2 robe of magic resistance (worn)
 A - a +0 pair of boots (worn)
 B - a +0 cloak (worn)
Jewellery
 h - a +3 ring of protection (left hand)
 l - a ring of magical power (right hand)
 n - an uncursed ring of protection from fire
 C - an amulet of faith (around neck)
 E - an uncursed ring of teleportation
Wands
 i - a wand of paralysis (5)
 q - a wand of iceblast (8)
 x - a wand of random effects (14)
Scrolls
 g - 5 scrolls of teleportation {!r}
 p - 3 scrolls of remove curse {!r}
 y - 2 scrolls of blinking {!r}
 z - 2 scrolls of enchant weapon {!r}
 G - a scroll of noise {!r, unknown}
Potions
 d - 3 potions of stabbing {!q}
 j - 3 potions of mutation {!q}
 m - a potion of flight {!q, unknown}
 s - 2 potions of heal wounds {!q, unknown}
 t - a potion of invisibility {!q}
 u - 2 potions of curing {!q}
 v - 2 potions of haste {!q}
 D - 2 potions of resistance {!q}
 F - a potion of brilliance {!q}
Comestibles
 c - 10 rations
 w - a chunk of flesh


   Skills:
 + Level 7.4 Dodging
 - Level 3.0 Stealth
 + Level 9.4 Spellcasting
 * Level 11.4 Ice Magic
 - Level 3.0 Evocations


You had 15 spell levels left.
You knew the following spells:

 Your Spells              Type           Power        Failure   Level  Hunger
a - Freeze                Ice            ####         1%          1    None
b - Frozen Ramparts       Ice            ######       1%          3    None
c - Summon Ice Beast      Ice/Summ       #####...     5%          4    ##.....
z - Ozocubu's Armour      Chrm/Ice       #####...     1%          3    None

Your spell library contained the following spells:

 Spells                   Type           Power        Failure   Level  Hunger
 Inner Flame              Hex/Fire       ##......     4%          3    None
 Hailstorm                Conj/Ice       #####...     1%          4    ##.....


Dungeon Overview and Level Annotations

Branches:
Dungeon (8/15)             Temple (1/1) D:6
   Lair: D:8-11

Altars:
Ashenzari
Cheibriados
Dithmenos
Fedhas
Hepliaklqana
Kikubaaqudgha
Makhleb
Nemelex Xobeh
Qazlal
Trog
Uskayaw
Vehumet
Wu Jian
Xom
The Shining One


Message History

Vehumet accepts your kill.
You feel your power returning.
Things that are here:
a +0 morningstar; a cursed -1 robe An orc warrior comes into view.
It is wielding a +0 war axe.
Things that are here:
a cursed +3 flail; a +0 robe A hound zombie comes into view.
An orc comes into view. It is wielding a +0 club.
Things that are here:
a +0 flail; a +0 ring mail; an orc corpse
Casting: Summon Ice Beast (dangerous; 5% risk of failure)
Confirm with . or Enter, or press ? or * to list all spells.
The walls around you are covered in ice.
The orc shouts!
You hear a shout!
You hear two shouts!
The wall freezes the orc warrior.
The wall freezes the orc warrior.
Things that are here:
a cursed +3 flail; a +0 robe The hound zombie completely resists.
The wall freezes the hound zombie but do no damage.
The wall freezes the orc warrior.
You barely miss the orc warrior.
The orc warrior is lightly wounded.
A bullfrog comes into view.
The hound zombie resists.
The wall freezes the hound zombie.
The wall freezes the orc warrior.
The orc warrior misses you.
An orc priest comes into view. It is wielding a +0 trident.
The hound zombie completely resists.
The wall freezes the hound zombie but do no damage.
The wall freezes the orc warrior.
The orc warrior hits you with a cursed +0 war axe!
The bullfrog moves out of view.
You barely miss the orc warrior.
The orc warrior is heavily wounded.
The hound zombie resists.
The wall freezes the hound zombie.
The hound zombie resists.
The wall freezes the hound zombie.
The wall freezes the orc warrior.
The orc warrior misses you.
The wall freezes the orc!
You kill the orc!
Vehumet accepts your kill.
You completely miss the orc warrior.
The orc warrior is heavily wounded.
The hound zombie completely resists.
The wall freezes the hound zombie but do no damage.
The hound zombie bites you but does no damage.
The wall freezes the orc warrior.
The orc warrior barely misses you.
The hound zombie resists.
The wall freezes the hound zombie.
The hound zombie barely misses you.
The orc priest shouts!
You hit the orc warrior but do no damage.
The orc warrior is poisoned.
The orc warrior is heavily wounded.
The hound zombie completely resists.
The wall freezes the hound zombie but do no damage.
The hound zombie closely misses you.
The wall freezes the orc warrior.
The orc warrior hits you with a cursed +0 war axe!!
* * * LOW HITPOINT WARNING * * *
A crimson imp comes into view.
The hound zombie resists.
The wall freezes the hound zombie.
The hound zombie misses you.
The wall freezes the orc priest!
The orc priest mumbles some strange prayers to Beogh against you.
Beogh smites you!
You die...

#.# #...# ...
#.# #.#.#
##5### #.#
#...##.....##
#.#
#.#.#.......#
#<#
#.#.#o......#
#.###
#.#.).......
#...#
#.#.##...###
###.#
#Zo..#...#
#.###@###....#
#.##)## ##.#.#
#.##.# #...#
#....## ##.###
#####.###..#
#....#......#
#.#.########^
#...#.#
#.###.#


You could see an orc warrior (very poisoned), an orc priest, a crimson imp
(wandering) and a hound zombie.

Vanquished Creatures
  Pikel (D:4)
  Prince Ribbit (D:7)
  Menkaure (D:4)
  Edmund (D:4)
  3 orc warriors
  An ice beast (D:5)
  4 slaves (D:4)
  2 black bears (D:6)
  2 ogres
  2 centaurs (D:6)
  A gnoll sergeant (D:7)
  2 scorpions
  2 wights (D:8)
  2 howler monkeys
  2 crimson imps
  A bullfrog zombie (D:5)
  A hound (D:6)
  A jelly (D:6)
  Crazy Yiuf (D:7)
  4 orc priests
  A bullfrog skeleton (D:7)
  Jessica (D:2)
  8 orc wizards
  Terence (D:2)
  Natasha (thrice) (D:4)
  2 worker ants
  Robin (D:3)
  8 adders
  12 gnolls
  2 shadow imps
  2 adder zombies
  An adder skeleton (D:6)
  3 worms (D:2)
  3 dart slugs
  A leopard gecko (D:2)
  24 orcs
  9 giant cockroaches
  8 hobgoblins
  10 jackals
  A quokka (D:2)
  3 ball pythons (D:2)
  7 bats
  3 frilled lizards
  15 goblins
  5 kobolds
  7 rats
176 creatures vanquished.

Vanquished Creatures (collateral kills)
  A hungry ghost (D:7)
  A phantom (D:7)
  A centaur (D:4)
  A bullfrog skeleton (D:5)
  A howler monkey skeleton (D:7)
  An adder skeleton (D:4)
6 creatures vanquished.

Vanquished Creatures (others)
  An adder skeleton (D:4)
1 creature vanquished.

Grand Total: 183 creatures vanquished

Notes
Turn   | Place    | Note
-------+----------+-------------------------------------------
     0 | D:1      | Amnesiac the Deep Elf Ice Elementalist began the quest for
                  | the Orb.
     0 | D:1      | Reached XP level 1. HP: 10/10 MP: 6/6
   161 | D:1      | Reached XP level 2. HP: 15/15 MP: 1/8
   295 | D:2      | Reached skill level 5 in Ice Magic
   503 | D:3      | Reached XP level 3. HP: 15/19 MP: 3/10
   508 | D:3      | Learned a level 3 spell: Frozen Ramparts
   512 | D:3      | Learned a level 3 spell: Ozocubu's Armour
   649 | D:4      | Noticed Edmund
   649 | D:4      | Noticed Menkaure
   715 | D:4      | Noticed Pikel
   715 | D:4      | Noticed a slave
   716 | D:4      | Noticed a slave
   716 | D:4      | Noticed a slave
   730 | D:4      | Killed a slave
   731 | D:4      | Killed a slave
   731 | D:4      | Killed a slave
   785 | D:5      | Entered Level 5 of the Dungeon
  1010 | D:5      | Reached skill level 1 in Evocations
  1010 | D:5      | Reached XP level 4. HP: 24/24 MP: 6/12
  1086 | D:5      | Noticed an ogre
  1103 | D:5      | Killed an ogre
  1103 | D:5      | Reached skill level 6 in Ice Magic
  1103 | D:5      | Reached XP level 5. HP: 28/28 MP: 9/14
  1109 | D:5      | Learned a level 4 spell: Summon Ice Beast
  1672 | D:4      | Noticed a centaur
  1673 | D:4      | Reached XP level 6. HP: 13/32 MP: 3/15
  1680 | D:4      | Reached skill level 5 in Spellcasting
  1902 | D:4      | Noticed a slave
  1910 | D:4      | Killed a slave
  1981 | D:4      | Killed Edmund
  1981 | D:4      | Reached skill level 7 in Ice Magic
  2267 | D:4      | Found a snail-covered altar of Cheibriados.
  2453 | D:4      | Reached XP level 7. HP: 36/36 MP: 11/17
  2576 | D:4      | Killed Pikel
  2576 | D:4      | Reached skill level 8 in Ice Magic
  2761 | D:4      | Killed Menkaure
  2779 | D:3      | Noticed Natasha
  2783 | D:4      | Killed Natasha
  2783 | D:4      | Reached XP level 8. HP: 19/41 MP: 20/20
  3116 | D:4      | Noticed Natasha
  3121 | D:4      | Killed Natasha
  3223 | D:4      | Noticed Natasha
  3229 | D:4      | Killed Natasha
  3436 | D:5      | Reached skill level 9 in Ice Magic
  3641 | D:5      | Found a hide-covered altar of Uskayaw.
  3883 | D:6      | Reached skill level 5 in Dodging
  3898 | D:6      | Found a staircase to the Ecumenical Temple.
  3906 | Temple   | Entered the Ecumenical Temple
  3958 | Temple   | Became a worshipper of Vehumet
  4137 | D:3      | Noticed Robin
  4138 | D:3      | Reached * piety under Vehumet
  4138 | D:3      | Offered knowledge of Magic Dart by Vehumet.
  4142 | D:3      | Killed Robin
  5148 | D:2      | Noticed Jessica
  5154 | D:2      | Killed Jessica
  5541 | D:2      | Noticed Terence
  5552 | D:2      | Killed Terence
  5822 | D:3      | Offered knowledge of Sandblast by Vehumet.
  6135 | D:6      | Reached ** piety under Vehumet
  6190 | D:6      | Reached skill level 10 in Ice Magic
  6743 | D:6      | Reached XP level 9. HP: 45/45 MP: 23/23
  6834 | D:6      | Found a bloodstained altar of Trog.
  7502 | D:7      | Noticed Prince Ribbit
  7550 | D:7      | Offered knowledge of Inner Flame by Vehumet.
  7555 | D:7      | Reached skill level 11 in Ice Magic
  7569 | D:7      | Reached *** piety under Vehumet
  7775 | D:7      | Found a runed translucent door.
  7776 | D:7      | Noticed Crazy Yiuf
  7854 | D:7      | Killed Prince Ribbit
  7971 | D:7      | Killed Crazy Yiuf
  8084 | D:8      | Noticed a tengu warrior
  8122 | D:8      | Killed from afar by an orc priest

Illustrated notes

Levels and vault maps discovered:
D:1:      minmay_arrival_radiant_lines, layout_basic
D:2:      layout_rooms, minmay_fractal_squares_gapless_5, uniq_jessica,
          uniq_terence
D:3:      layout_loops_cross, uniq_robin, uniq_natasha
D:4:      layout_rooms, minmay_strange_pillars, kennysheep_slug_shrine,
          uniq_edmund, uniq_pikel, uniq_menkaure
D:5:      layout_loops_ring, basic_altar, first_ration, serial_bayou_pond_a,
          dk_noncrumbling_4
D:6:      layout_basic, kennysheep_mini_moat,
          minmay_temple_entry_drinking_statues
D:7:      layout_rooms, uniq_crazy_yiuf_cottage, uniq_prince_ribbit1
D:8:      minmay_curly_fans, layout_loops_ring, grunt_gozag_breadcrumbs,
          grunt_temple_overflow_open, uniq_grum
Temple:   dshaligram_water_room_temple

Skill      XL: |  1  2  3  4  5  6  7  8  9 |
---------------+----------------------------+-----
Ice Magic      | 5 6 7 8 10 11 | 11.4
Stealth        | 3 |  3.0
Spellcasting   | 4 5 6 8 9 |  9.4
Evocations     | 1 2 3 |  3.0
Dodging        | 4 6 7 |  7.4

Action                   |  1- 3 |  4- 6 |  7- 9 || total
-------------------------+-------+-------+-------++-------
Melee: Unarmed           |     4 |       |       ||     4
       Falchion          |       |     6 |       ||     6
       Halberd           |       |       |    93 ||    93
       Dagger            |       |       |    65 ||    65
Throw: Stone             |     4 |     3 |     1 ||     8
 Cast: Freeze            |    47 |    21 |    33 ||   101
       Frozen Ramparts   |     3 |     9 |    41 ||    53
       Summon Ice Beast  |       |     3 |    11 ||    14
       Ozocubu's Armour  |       |       |     2 ||     2
Evoke: Wand              |       |       |     1 ||     1
  Use: Potion            |       |     1 |       ||     1
       Scroll            |       |       |    10 ||    10
 Stab: Paralysed         |       |       |     2 ||     2
       Sleeping          |       |       |    10 ||    10
       Distracted        |       |       |     3 ||     3
  Eat: Chunk             |       |     6 |    19 ||    25
Armor: Robe              |     3 |    15 |    39 ||    57
Dodge: Dodged            |    24 |    31 |   120 ||   175
       Rpst.: Falchion   |       |    10 |       ||    10

Table legend:
 A = Non-vault XP
 B = Vault XP
 C = Vault XP percentage of total XP
 D = Non-vault monster count
 E = Vault monster count
 F = Vault count percentage of total count
                 A         B        C        D         E       F
            +---------+---------+-------+---------+---------+-------
      Total |    3312 |    1313 |  28.4 |     153 |      26 |  14.5
            +---------+---------+-------+---------+---------+-------
        D:1 |      37 |       0 |   0.0 |      21 |       0 |   0.0
        D:2 |      92 |      97 |  51.3 |      21 |       8 |  27.6
        D:3 |      88 |      36 |  29.0 |      21 |      11 |  34.4
        D:4 |     282 |     862 |  75.3 |      14 |       5 |  26.3
        D:5 |     724 |       0 |   0.0 |      25 |       0 |   0.0
        D:6 |    1083 |       0 |   0.0 |      27 |       0 |   0.0
        D:7 |     837 |     318 |  27.5 |      19 |       2 |   9.5
        D:8 |     169 |       0 |   0.0 |       5 |       0 |   0.0
            +---------+---------+-------+---------+---------+-------
